cohdb
Replays
Latest Replays
All Replays
Popular Replays
Top Player Replays
Match Explorer
How It Works
Community
CoH3 Stats
Reddit
Sign in to upload your games and track your stats! →
Sign in with Steam
Match 44090571
Unlisted
Match 44090571
Overview
Messages
Build Orders
End
Panzergrenadier Squad
Kradschützen Motorcycle Team
Selects Battlefield Espionage Battlegroup
Construct Light Support Kompanie
Selects Intel Disruption Beacon
250 Light Carrier
MG34 Team
2.5-tonne Medical Truck
Panzerjäger Squad
Construct Mechanized Kompanie
Selects Transfer Depots
Support Armor Elements
le.IG 18 Mechanized Group
StuG III D Assault Gun
Selects Firestorm
Panzerpioneer Squad
Forward Retreat Point
Selects 250/3 Funkpanzerwagen
Firestorm
Panzergrenadier Squad
Advanced Optics
Pak 38 Mechanized Group
Selects Anti-Tank Incendiary Munitions
⚡⚡Zawi⚡⚡
RhumsteaK
King Raptor
SHELDONATOR
SpookyMayo
gxxg TR
Я3'CYCLOPZ
DarxSokul
0
0
Comments
sign in to comment!
No comments posted yet!